[Event "Titled Tuesday Blitz January 17 Early 2023"]
[White "Ashraf, Artin"]
[Black "Jiang, Andrew"]
[WhiteFideId "22514805"]
[BlackFideId "30953510"]
[WhiteElo "2314"]
[BlackElo "2201"]
[Result "1-0"]
[Round "02"]
[TimeControl "180+2"]
[Date "2023.01.17"]
[WhiteClock "0:01:01"]
[BlackClock "0:01:44"]

1. e4 e5 2. Nf3 Nc6 3. Bb5 a6 4. Ba4 Nf6 5. O-O Nxe4 6. d4 b5 7. Bb3 d5 8. dxe5 Be6 9. c3 Bc5 10. Nbd2 Qe7 11. Bc2 Ng5 12. Nxg5 Qxg5 13. Ne4 Qe7 14. Bg5 Qf8 15. Ng3 Nxe5 16. Re1 Qd6 17. Nh5 O-O 18. Rxe5 f6 19. Qd3 Qxe5 20. Qxh7+ Kf7 21. Qxg7+ Ke8 22. Nxf6+ 1-0


[Site "https://www.chess.com"]

[Event "Titled Tuesday Blitz January 17 Early 2023"]
[White "Hambleton, Aman"]
[Black "MitzyCaballero"]
[WhiteFideId "2606577"]
[WhiteElo "2420"]
[BlackElo "2235"]
[Result "1-0"]
[Round "02"]
[TimeControl "180+2"]
[Date "2023.01.17"]
[WhiteClock "0:00:07"]
[BlackClock "0:00:12"]

1. d4 e6 2. Bf4 f5 3. e3 Nf6 4. h3 d6 5. Nf3 b6 6. c4 Bb7 7. Nc3 Be7 8. Be2 O-O 9. O-O Ne4 10. Nxe4 fxe4 11. Nd2 Nd7 12. Bg4 Rf6 13. Qc2 e5 14. Bg5 Rg6 15. Bxe7 Qxe7 16. d5 Nf6 17. Be6+ Kh8 18. Nxe4 Nh5 19. f4 Qh4 20. Bg4 Nf6 21. Nxf6 gxf6 22. Qf2 Qh6 23. fxe5 dxe5 24. Bf5 Rg7 25. Kh2 Qg5 26. Be4 Rf8 27. Bf5 e4 28. Rg1 Bc8 29. Raf1 Bxf5 30. Qxf5 Qg3+ 31. Kh1 Qxe3 32. Re1 Qd4 33. Qxe4 Qxe4 34. Rxe4 f5 35. Re5 f4 36. Rf1 Rgf7 37. Rf3 Kg8 38. Kg1 Rd8 39. b3 Rd6 40. Re4 Rdf6 41. Kf2 Kg7 42. Ke2 Kg6 43. Kd3 h5 44. Kd4 h4 45. Re5 Rf5 46. Rxf5 Rxf5 47. b4 Rg5 48. Rxf4 Rxg2 49. Rxh4 Rxa2 50. Rg4+ Kf6 51. Rh4 Rh2 52. Rh7 a5 53. bxa5 bxa5 54. Rxc7 Rxh3 55. Ra7 Rh4+ 56. Kc5 Ke5 57. Rxa5 Rh8 58. Ra6 Rb8 59. Rc6 Ra8 60. Re6+ Kf5 61. Re2 Ra5+ 62. Kd4 Ra6 63. Rf2+ Kg5 64. Kc5 Ra4 65. d6 Ra3 66. Kc6 Rd3 67. c5 Rd1 68. d7 Rd3 69. Kc7 Rd5 70. c6 Rd3 71. d8=Q+ Rxd8 72. Kxd8 1-0


[Site "https://www.chess.com"]

[Event "Titled Tuesday Blitz January 17 Early 2023"]
[White "Dwilewicz, Katarzyna"]
[Black "Injac, Teodora"]
[WhiteFideId "1148486"]
[BlackFideId "932400"]
[WhiteElo "2115"]
[BlackElo "2391"]
[Result "1-0"]
[Round "02"]
[TimeControl "180+2"]
[Date "2023.01.17"]
[WhiteClock "0:00:25"]
[BlackClock "0:00:02"]

1. e4 e5 2. Nf3 Nc6 3. Bc4 Bc5 4. O-O Nf6 5. d3 d6 6. c3 a6 7. Bb3 h6 8. Nbd2 O-O 9. h3 Ba7 10. Re1 Be6 11. Nf1 Re8 12. Ng3 d5 13. exd5 Bxd5 14. Be3 Bxe3 15. Rxe3 Qd7 16. Qe1 Bxb3 17. axb3 Rad8 18. Rd1 Qd5 19. b4 Re6 20. c4 Qd7 21. Nxe5 Nxe5 22. Rxe5 Rxe5 23. Qxe5 Re8 24. Qf4 Qa4 25. Qd2 Nd7 26. Re1 Ne5 27. f4 Ng6 28. Rxe8+ Qxe8 29. f5 Ne5 30. f6 Qd7 31. fxg7 Kxg7 32. Qc3 f6 33. d4 Ng6 34. d5 Kf7 35. Ne4 Qf5 36. Qf3 Qe5 37. b3 Ke7 38. Nc5 b6 39. Nd3 Qa1+ 40. Kh2 Qd4 41. Nf2 Qe5+ 42. Qg3 Qf5 43. Qe3+ Kf7 44. Ng4 Ne5 45. Nxh6+ 1-0


[Site "https://www.chess.com"]

[Event "Titled Tuesday Blitz January 17 Early 2023"]
[White "Tatarinov, Dmitry"]
[Black "Gutkin, Ilya"]
[WhiteFideId "24160067"]
[BlackFideId "16203470"]
[WhiteElo "2310"]
[BlackElo "2273"]
[Result "1-0"]
[Round "02"]
[TimeControl "180+2"]
[Date "2023.01.17"]
[WhiteClock "0:01:31"]
[BlackClock "0:00:05"]

1. Nf3 d5 2. e3 Nc6 3. c4 d4 4. d3 e5 5. g3 Bc5 6. a3 a5 7. e4 Nge7 8. Bg2 O-O 9. O-O h6 10. Nbd2 f5 11. exf5 Bxf5 12. Qe2 Ng6 13. Ne1 Kh8 14. Ne4 Be7 15. b3 Qd7 16. Nc2 Bg4 17. f3 Bh3 18. Bd2 Nd8 19. b4 Bxg2 20. Kxg2 Ne6 21. b5 b6 22. a4 Rae8 23. Rae1 Bd6 24. Kh1 c5 25. Qg2 Bc7 26. Re2 Qf7 27. Ref2 Qd7 28. Ne1 Rf7 29. Qh3 Ref8 30. Ng2 Qe7 31. Qg4 Kh7 32. h4 Nh8 33. h5 Rf5 34. Nh4 Rg5 35. Bxg5 Nxg5 36. Nxg5+ Qxg5 37. Qxg5 hxg5 38. Ng2 Nf7 39. f4 gxf4 40. gxf4 exf4 41. Nxf4 Nh6 42. Ne6 Rc8 43. Rg1 Be5 44. Rg6 Re8 45. Nf8+ Kg8 46. Re6 Rxf8 47. Rxf8+ Kxf8 48. Rxe5 Nf7 49. Re6 Ng5 50. Rxb6 Nf3 51. Rc6 Ne5 52. Rxc5 Nxd3 53. Rd5 Nb2 54. b6 1-0


[Site "https://www.chess.com"]

[Event "Titled Tuesday Blitz January 17 Early 2023"]
[White "Luong Phuong Hanh"]
[Black "Srihari L R"]
[WhiteFideId "12401013"]
[BlackFideId "46617116"]
[WhiteElo "2029"]
[BlackElo "2416"]
[Result "1/2-1/2"]
[Round "02"]
[TimeControl "180+2"]
[Date "2023.01.17"]
[WhiteClock "0:00:07"]
[BlackClock "0:00:03"]

1. d4 d5 2. c4 Nc6 3. Nf3 e6 4. e3 Nf6 5. Nc3 a6 6. Bd2 dxc4 7. Bxc4 Bd6 8. O-O O-O 9. e4 e5 10. d5 Ne7 11. h3 h6 12. Rc1 Ng6 13. Be3 Qe7 14. a3 Nh5 15. Ne2 Nhf4 16. Nxf4 exf4 17. Bd4 Qxe4 18. Re1 Qf5 19. Bd3 Qh5 20. Bxg6 Qxg6 21. Kh1 Qh5 22. Be5 Rd8 23. Bxd6 Rxd6 24. Re5 g5 25. Rxc7 Bxh3 26. gxh3 Qxh3+ 27. Nh2 Rad8 28. Qg4 Qd3 29. Qf5 Qxf5 30. Rxf5 R8d7 31. Rxd7 Rxd7 32. Ng4 Kg7 33. Ne5 Rxd5 34. Rxf7+ Kg8 35. Re7 b5 36. Ng4 Rd6 37. Kg2 h5 38. Ne5 g4 39. Ra7 Rd2 40. Ng6 g3 41. Nxf4 gxf2 42. Nh3 f1=Q+ 43. Kxf1 Rxb2 44. Rxa6 b4 45. axb4 Rxb4 46. Kg2 Rg4+ 47. Kf3 Kh7 48. Nf4 Rg5 49. Ra7+ Kh6 50. Ra1 h4 51. Rh1 Ra5 52. Rxh4+ Kg7 53. Kg4 Ra4 54. Rh5 Rb4 55. Rg5+ Kf7 56. Kf5 Rb5+ 57. Kg4 Rxg5+ 58. Kxg5 1/2-1/2


[Site "https://www.chess.com"]

[Event "Titled Tuesday Blitz January 17 Early 2023"]
[White "Haraguchi, Diego Sashaki"]
[Black "Boyer, Mahel"]
[WhiteFideId "22729925"]
[BlackFideId "45102422"]
[WhiteElo "2015"]
[BlackElo "2489"]
[Result "0-1"]
[Round "02"]
[TimeControl "180+2"]
[Date "2023.01.17"]
[WhiteClock "0:00:06"]
[BlackClock "0:00:03"]

1. d4 e6 2. c4 c5 3. Nf3 cxd4 4. Nxd4 d6 5. Nc3 Bd7 6. g3 Nc6 7. Bg2 Nge7 8. Ndb5 Nc8 9. Bf4 Ne5 10. Bxe5 dxe5 11. O-O a6 12. Bxb7 Rb8 13. Bxa6 Nb6 14. Nd6+ Ke7 15. Nb7 Qc7 16. Nb5 Bxb5 17. cxb5 Rxb7 18. Rc1 Qb8 19. Bxb7 Qxb7 20. Qc2 Kf6 21. a4 Nd5 22. Qc8 Qb6 23. Qa8 h5 24. Rfd1 Ne3 25. fxe3 Qxe3+ 26. Kf1 e4 27. Qd8+ Kg6 28. Qd4 Qb3 29. Qxe4+ f5 30. Qc4 Qe3 31. Rd3 Qe5 32. Qd4 Qb8 33. Rc6 Qa8 34. Qf4 Kf6 35. Re3 Kf7 36. Rexe6 Kg8 37. Re3 Rh6 38. Rxh6 Qh1+ 39. Kf2 Qxh2+ 40. Ke1 gxh6 41. Rf3 Qg1+ 42. Rf1 Qc5 43. Rf3 Qc2 44. Kf1 Bc5 45. Qb8+ Kh7 46. Qc7+ Kg6 47. Qc6+ Kg7 48. Qd7+ Kg6 49. Qe6+ Kg5 50. Qg8+ Kf6 51. Qh8+ Kg6 52. Qc3 Qd1+ 53. Kg2 Qxe2+ 54. Kh3 Bd4 55. Qxd4 Qxf3 56. Qd6+ Kg7 57. Qe7+ Kg6 58. b6 Qh1# 0-1


[Site "https://www.chess.com"]

[Event "Titled Tuesday Blitz January 17 Early 2023"]
[White "Sargissyan, Sargis"]
[Black "Dourerassou, Jonathan"]
[WhiteFideId "13303210"]
[BlackFideId "628050"]
[WhiteElo "2234"]
[BlackElo "2414"]
[Result "0-1"]
[Round "02"]
[TimeControl "180+2"]
[Date "2023.01.17"]
[WhiteClock "0:00:04"]
[BlackClock "0:01:35"]

1. e4 e6 2. d4 d5 3. Nc3 dxe4 4. Nxe4 Nd7 5. Nf3 Ngf6 6. Bd3 Nxe4 7. Bxe4 Nf6 8. Bg5 Be7 9. Bxf6 Bxf6 10. Qd3 c6 11. O-O-O Qa5 12. Kb1 Bd7 13. Ne5 Rd8 14. f4 h6 15. g4 O-O 16. h4 c5 17. g5 Bxe5 18. fxe5 h5 19. Qf3 g6 20. Qf6 Be8 21. d5 exd5 22. Bxd5 Rxd5 23. Rxd5 Bc6 24. c4 Bxd5 25. cxd5 Qd2 26. e6 Qd3+ 27. Ka1 Qxd5 28. exf7+ Qxf7 29. Qxf7+ Rxf7 30. Rd1 b6 31. Kb1 Rf4 32. Rd6 Kf7 33. Rd7+ Ke6 34. Rxa7 Rxh4 35. Rb7 Rb4 36. a3 Rb3 37. Kc2 c4 38. Rc7 b5 39. Rc5 h4 40. a4 h3 41. axb5 h2 42. Rc6+ Kf5 43. Rf6+ Kxg5 44. Rf1 Rh3 45. Rh1 Kf4 46. b6 Kg3 47. b7 Rh8 48. Kc3 Kg2 49. Rxh2+ Kxh2 50. Kxc4 Rb8 0-1


[Site "https://www.chess.com"]

[Event "Titled Tuesday Blitz January 17 Early 2023"]
[White "Tristan, Leonardo"]
[Black "Hoffmann, Asa"]
[WhiteFideId "113816"]
[BlackFideId "2001470"]
[WhiteElo "2545"]
[BlackElo "2185"]
[Result "1-0"]
[Round "02"]
[TimeControl "180+2"]
[Date "2023.01.17"]
[WhiteClock "0:00:06"]
[BlackClock "0:00:05"]

1. d4 Nf6 2. Nf3 d6 3. Nc3 c6 4. e4 Bg4 5. Be2 e6 6. O-O d5 7. exd5 cxd5 8. Ne5 Bxe2 9. Qxe2 Nc6 10. Be3 Nxe5 11. dxe5 Nd7 12. f4 g6 13. Nb5 a6 14. Nd6+ Bxd6 15. exd6 Qb8 16. Bd4 O-O 17. f5 Qxd6 18. fxg6 fxg6 19. Rfe1 Rae8 20. Rad1 e5 21. Bf2 Rf5 22. Qd3 e4 23. Rxe4 Rxe4 24. Qxe4 Nf6 25. Qd4 Qc6 26. c3 Ne4 27. Be3 h5 28. a4 Qe6 29. Rf1 Rxf1+ 30. Kxf1 Qf5+ 31. Ke1 Nd6 32. Bh6 Qb1+ 33. Qd1 Qxd1+ 34. Kxd1 Kf7 35. Kc2 Ke6 36. Kd3 Nf5 37. Bd2 b5 38. axb5 axb5 39. Be1 Ke5 40. Bf2 Kf4 41. Kc2 Ke4 42. Kb3 Nd6 43. Kb4 Kd3 44. Bg3 Nc4 45. b3 Ne3 46. Kxb5 Kxc3 47. b4 d4 48. Kc5 d3 49. Be1+ d2 50. Bxd2+ Kxd2 51. b5 Nf5 52. b6 Ne3 53. b7 Nxg2 54. b8=Q Ke2 55. Qg3 Ne3 56. Qxg6 h4 57. Qh5+ 1-0


[Site "https://www.chess.com"]

[Event "Titled Tuesday Blitz January 17 Early 2023"]
[White "Garmash, Aliona"]
[Black "Starozhilov, Leonid"]
[WhiteFideId "34127620"]
[BlackFideId "14106752"]
[WhiteElo "2039"]
[BlackElo "2313"]
[Result "0-1"]
[Round "02"]
[TimeControl "180+2"]
[Date "2023.01.17"]
[WhiteClock "0:00:01"]
[BlackClock "0:00:04"]

1. d4 Nf6 2. c4 g6 3. Nc3 Bg7 4. e4 d6 5. Nf3 Bg4 6. Be2 a6 7. Be3 O-O 8. Nd2 Bxe2 9. Qxe2 Nc6 10. d5 Ne5 11. h3 c6 12. O-O b5 13. dxc6 bxc4 14. Nxc4 Nxc6 15. Rfd1 Qb8 16. Rac1 Qb7 17. b3 Nd7 18. Nd5 Nc5 19. e5 Rfd8 20. exd6 exd6 21. Bg5 Nd4 22. Rxd4 Bxd4 23. Nf6+ Kg7 24. Ng4 Re8 25. Qd2 Qe4 26. Nxd6 Bxf2+ 27. Nxf2 Qe2 28. Nxe8+ Rxe8 29. Qxe2 Rxe2 30. Rxc5 Rxa2 31. Ng4 Ra1+ 32. Kh2 f5 33. Bh6+ Kf7 34. Ne5+ Ke6 35. Nc4 Rb1 36. Na5 Rb2 37. Rc6+ Kd5 38. Rxa6 Rb1 0-1


[Site "https://www.chess.com"]

[Event "Titled Tuesday Blitz January 17 Early 2023"]
[White "Djokic, Mihailo"]
[Black "Benmesbah, Natacha"]
[WhiteFideId "976440"]
[BlackFideId "642002"]
[WhiteElo "2192"]
[BlackElo "2261"]
[Result "0-1"]
[Round "02"]
[TimeControl "180+2"]
[Date "2023.01.17"]
[WhiteClock "0:00:13"]
[BlackClock "0:00:20"]

1. e4 c5 2. Nf3 Nc6 3. d4 cxd4 4. Nxd4 Nf6 5. Nc3 e5 6. Ndb5 d6 7. Bg5 a6 8. Bxf6 gxf6 9. Na3 f5 10. Nd5 fxe4 11. Nc4 Be6 12. Ncb6 Rb8 13. Bc4 Bg7 14. Qh5 O-O 15. O-O-O Na5 16. Bb3 Nxb3+ 17. axb3 f5 18. Kb1 f4 19. Nc4 Bf7 20. Qe2 b5 21. Na3 Bg6 22. Ka2 Rc8 23. c4 Rf7 24. cxb5 axb5 25. Qxb5 Rb8 26. Qc4 Kh8 27. Rc1 Rfb7 28. b4 Bf7 29. b5 h6 30. Rhd1 Qa5 31. Kb1 e3 32. fxe3 fxe3 33. Qb4 Bg6+ 34. Ka2 Rxb5 35. Qxa5 Rxa5 36. Nxe3 Bf7+ 37. Kb1 Rxa3 38. Rc7 Bg6+ 39. Nc2 Rab3 40. Rxd6 Rxb2+ 41. Kc1 Bxc2 42. Rdd7 Bf5 43. Rxg7 Rf2 44. Rb7 Rxb7 45. Rxb7 Rxg2 46. Rb5 Re2 47. Kd1 Re4 48. Kd2 Rd4+ 49. Ke3 Re4+ 50. Kf3 Kg7 51. Rb7+ Kg6 52. Rb6+ Kg5 53. Rb8 Rf4+ 54. Ke3 Rh4 55. Rg8+ Kf6 56. Rf8+ Ke6 57. Re8+ Kd6 58. Rd8+ Ke7 59. Rd5 Ke6 60. Rd2 Rh3+ 0-1


[Site "https://www.chess.com"]

[Event "Titled Tuesday Blitz January 17 Early 2023"]
[White "Vaglio Munoz, Jaime"]
[Black "Koellner, Ruben Gideon"]
[WhiteFideId "6500145"]
[BlackFideId "12993093"]
[WhiteElo "2174"]
[BlackElo "2426"]
[Result "0-1"]
[Round "02"]
[TimeControl "180+2"]
[Date "2023.01.17"]
[WhiteClock "0:00:10"]
[BlackClock "0:00:07"]

1. d4 d6 2. e4 Nf6 3. f3 e5 4. d5 Be7 5. Be3 c6 6. c4 Nh5 7. Ne2 Bg5 8. Qd2 Bxe3 9. Qxe3 O-O 10. g4 Nf6 11. Nbc3 Nbd7 12. O-O-O Qc7 13. h4 a6 14. Kb1 cxd5 15. g5 d4 16. Qg1 Nh5 17. Nd5 Qd8 18. Ng3 Nxg3 19. Qxg3 Nb6 20. h5 Nxd5 21. exd5 Bf5+ 22. Bd3 Bxd3+ 23. Rxd3 Qd7 24. h6 Qf5 25. Rd1 g6 26. Ka1 f6 27. gxf6 Rxf6 28. Rb3 Rf7 29. a4 Qc2 30. Rdd3 Qc1+ 31. Ka2 Qxh6 32. Rb6 Rd8 33. Rdb3 Rdd7 34. c5 dxc5 35. Qxe5 Qg7 36. Qe6 Kh8 37. d6 Qf6 38. Qd5 Qf5 39. Qc4 Kg7 40. f4 Rf6 41. Rxb7 Rxd6 42. Rb8 Qd5 43. Qe2 Re6 44. Qg4 d3 45. f5 Qxf5 46. Qc4 Qd5 47. Qc3+ Qd4 48. R3b7 Rxb7 49. Rxb7+ Kf6 50. Rd7 Qxc3 51. bxc3 c4 52. Ka3 a5 53. Rd5 Ke7 54. Rd4 Rd6 55. Re4+ Kd7 56. Re1 d2 57. Rd1 Ke6 58. Kb2 Ke5 59. Kc2 Ke4 60. Rh1 d1=Q+ 61. Kb2 Qxh1 62. Ka3 Qa1# 0-1


[Site "https://www.chess.com"]

[Event "Titled Tuesday Blitz January 17 Early 2023"]
[White "De Souza, Cristiano Gomes"]
[Black "Alex_Sahakyan2006"]
[WhiteFideId "2151758"]
[WhiteElo "2018"]
[BlackElo "2675"]
[Result "0-1"]
[Round "02"]
[TimeControl "180+2"]
[Date "2023.01.17"]
[WhiteClock "0:01:23"]
[BlackClock "0:01:25"]

1. d4 g6 2. c4 c5 3. d5 b5 4. cxb5 a6 5. bxa6 Nf6 6. Nc3 Bg7 7. g3 O-O 8. Bg2 d6 9. Nf3 Bf5 10. O-O Qb6 11. Nh4 Bc8 12. e4 Nxa6 13. Rb1 Nc7 14. b3 Ba6 15. Re1 Ng4 16. Na4 Qb4 17. Bd2 Qd4 18. Be3 Nxe3 19. Rxe3 Qxd1+ 20. Rxd1 Nb5 21. Nb6 Ra7 22. Nc4 Nc3 23. Rd2 Rb8 24. Bf1 Bxc4 25. Bxc4 Nxa2 26. Kg2 Nb4 27. f4 Ra1 28. e5 dxe5 29. fxe5 Bh6 30. Rde2 Bxe3 31. Rxe3 Rd1 32. Nf3 Nxd5 33. Re2 Nb6 34. Bb5 Rb1 35. Re3 Nd5 36. Rd3 Nb4 0-1


[Site "https://www.chess.com"]

[Event "Titled Tuesday Blitz January 17 Early 2023"]
[White "Weetik, Vjacheslav"]
[Black "Lauridsen, Jesper Morch"]
[WhiteFideId "4153472"]
[BlackFideId "1401890"]
[WhiteElo "2423"]
[BlackElo "2309"]
[Result "0-1"]
[Round "02"]
[TimeControl "180+2"]
[Date "2023.01.17"]
[WhiteClock "0:00:01"]
[BlackClock "0:00:04"]

1. d4 d5 2. Nf3 Nf6 3. c4 e6 4. g3 c5 5. cxd5 exd5 6. Bg2 Nc6 7. O-O Be7 8. Nc3 O-O 9. dxc5 d4 10. Na4 Bf5 11. Bf4 Be4 12. a3 Nd5 13. Bd2 b5 14. cxb6 axb6 15. Rc1 Rc8 16. Ne1 Bxg2 17. Kxg2 Ne5 18. Qb3 Rxc1 19. Bxc1 Qa8 20. Nf3 d3 21. e4 Nxf3 22. Qxd5 Qxa4 23. Kxf3 Rd8 24. Qb7 Bf6 25. Be3 h5 26. Qxb6 Re8 27. Qb4 Qd7 28. Kg2 h4 29. Rd1 h3+ 30. Kf1 Qg4 31. Qe1 Qf3 0-1


[Site "https://www.chess.com"]

[Event "Titled Tuesday Blitz January 17 Early 2023"]
[White "Mitrovic, Darko R"]
[Black "Papasimakopoulos, Alexandros"]
[WhiteFideId "927023"]
[BlackFideId "4244125"]
[WhiteElo "2220"]
[BlackElo "2401"]
[Result "0-1"]
[Round "02"]
[TimeControl "180+2"]
[Date "2023.01.17"]
[WhiteClock "0:00:07"]
[BlackClock "0:01:58"]

1. d4 e6 2. c4 Nf6 3. Nf3 Bb4+ 4. Bd2 Qe7 5. g3 Nc6 6. Bg2 Bxd2+ 7. Qxd2 Ne4 8. Qc2 Qb4+ 9. Nc3 Nxc3 10. Qxc3 Qxc3+ 11. bxc3 Rb8 12. c5 b6 13. cxb6 axb6 14. O-O Bb7 15. c4 Ke7 16. Rfc1 Ra8 17. c5 bxc5 18. Rxc5 Ra7 19. h4 Rha8 20. d5 exd5 21. Rxd5 Rxa2 22. Rad1 d6 23. Rb5 Ra1 24. Rxa1 Rxa1+ 25. Kh2 Ba6 26. Rb2 Rc1 27. e3 Bf1 28. Bxf1 Rxf1 29. Rc2 Kd7 30. Kg2 Ra1 31. Ng5 f6 32. Nxh7 Ra8 33. f4 Rh8 34. Ng5 fxg5 35. hxg5 Nb4 36. Rd2 c5 37. g4 c4 38. Kf3 c3 39. Rd1 c2 40. Rc1 Nd3 41. Rxc2 Ne1+ 42. Ke4 Nxc2 43. Kf5 Nxe3+ 44. Kg6 Rh4 45. Kxg7 Rxg4 46. g6 Rxf4 47. Kh6 Rf1 48. g7 Nf5+ 49. Kg6 Nxg7 50. Kxg7 d5 51. Kg6 d4 52. Kg5 Ke6 53. Kg4 Rf5 54. Kg3 d3 55. Kg4 d2 56. Kg3 d1=Q 57. Kg2 Qd7 58. Kg3 Qf7 59. Kg4 Qg6+ 0-1


[Site "https://www.chess.com"]

[Event "Titled Tuesday Blitz January 17 Early 2023"]
[White "Bocharov, Dmitry"]
[Black "Thomas, Anysia"]
[WhiteFideId "4138716"]
[BlackFideId "670472"]
[WhiteElo "2516"]
[BlackElo "2147"]
[Result "1-0"]
[Round "02"]
[TimeControl "180+2"]
[Date "2023.01.17"]
[WhiteClock "0:01:09"]
[BlackClock "0:00:01"]

1. d4 Nf6 2. c4 g6 3. g3 Bg7 4. Bg2 d5 5. cxd5 Nxd5 6. Nf3 Nb6 7. O-O Nc6 8. e3 e5 9. Nc3 Bg4 10. h3 Bxf3 11. Bxf3 exd4 12. exd4 O-O 13. d5 Nd4 14. Bg2 Re8 15. Be3 Nf5 16. Bf4 Nc4 17. Qb3 Ncd6 18. Rad1 Nd4 19. Qa4 b5 20. Qa5 a6 21. Qb4 Ne2+ 22. Nxe2 Rxe2 23. Rd2 Rxd2 24. Bxd2 Qd7 25. b3 Re8 26. Bf4 Bf8 27. Qd4 Nf5 28. Qd3 Bd6 29. Bd2 Be5 30. Re1 Bg7 31. Rc1 Nd4 32. Be3 Nf5 33. Bf4 Be5 34. Bd2 Bg7 35. h4 Nd4 36. Be3 Nf5 37. Bh3 1-0


[Site "https://www.chess.com"]

[Event "Titled Tuesday Blitz January 17 Early 2023"]
[White "Torres Dominguez, David"]
[Black "Vlassov, Nikolai"]
[WhiteFideId "2220857"]
[BlackFideId "4103360"]
[WhiteElo "1994"]
[BlackElo "2283"]
[Result "0-1"]
[Round "02"]
[TimeControl "180+2"]
[Date "2023.01.17"]
[WhiteClock "0:00:02"]
[BlackClock "0:00:08"]

1. e4 Nc6 2. Nc3 Nf6 3. f4 d5 4. e5 d4 5. exf6 dxc3 6. fxg7 cxd2+ 7. Qxd2 Bxg7 8. Qxd8+ Nxd8 9. c3 Bf5 10. Be3 Ne6 11. O-O-O h5 12. Ne2 h4 13. Nd4 Nxd4 14. Bxd4 O-O 15. Be2 Rad8 16. g3 Bxd4 17. cxd4 Rd6 18. Bf3 c6 19. g4 Be6 20. Rhe1 Rd7 21. a3 Rfd8 22. f5 Bb3 23. Rd3 Bc4 24. Rde3 Kf8 25. b3 Ba6 26. Be2 Bxe2 27. R1xe2 f6 28. Kc2 Kf7 29. Kc3 Rc8 30. b4 a5 31. bxa5 Rcc7 32. Rh3 Rd5 33. Rxh4 Rxa5 34. Re3 Rxa3+ 35. Kd2 Rxe3 36. Kxe3 b5 37. Rh7+ Ke8 38. Rh8+ Kf7 39. Rb8 Ra7 40. h4 Ra3+ 41. Kf4 Rd3 42. Ke4 Rh3 43. h5 Rg3 44. Kf4 Rc3 45. Rb6 Kg7 46. d5 cxd5 47. Rxb5 Rc4+ 48. Kf3 Rd4 49. Rb7 Kf7 50. Rd7 Rd3+ 51. Kf4 Rd1 52. h6 Rf1+ 53. Kg3 Rh1 54. h7 Rxh7 55. Rxd5 Rh1 56. Rd7 Rg1+ 57. Kf3 Ke8 58. Ra7 Rf1+ 59. Kg3 Re1 60. Kf3 Kf7 61. Kg3 Re5 62. Kf4 Rd5 63. g5 Rd4+ 64. Ke3 Rg4 65. gxf6 Kxf6 66. Ra5 Rg5 67. Ke4 Rg4+ 68. Ke3 Rh4 69. Ra6+ Kxf5 70. Ra5+ e5 71. Ke2 Rh3 72. Kf2 Kf4 73. Ke2 Rh2+ 0-1


[Site "https://www.chess.com"]

[Event "Titled Tuesday Blitz January 17 Early 2023"]
[White "Tharushi, T H D Niklesha"]
[Black "Belozerov, Andrei"]
[WhiteFideId "9918264"]
[BlackFideId "4120213"]
[WhiteElo "1570"]
[BlackElo "2461"]
[Result "0-1"]
[Round "02"]
[TimeControl "180+2"]
[Date "2023.01.17"]
[WhiteClock "0:01:00"]
[BlackClock "0:00:22"]

1. e4 c5 2. Nf3 Nc6 3. d4 cxd4 4. Nxd4 Nf6 5. Nc3 e5 6. Ndb5 d6 7. Nd5 Nxd5 8. exd5 Nb8 9. a4 Be7 10. Be2 O-O 11. O-O f5 12. c4 a6 13. Nc3 a5 14. b3 Nd7 15. Ba3 b6 16. Nb5 Nc5 17. b4 axb4 18. Bxb4 Bf6 19. a5 bxa5 20. Bxc5 dxc5 21. d6 Bb7 22. Nc7 e4 23. Nxa8 Bxa8 24. d7 Bxa1 25. Qxa1 Qxd7 26. Qxa5 Qe7 27. Ra1 Rd8 28. Qa7 Qxa7 29. Rxa7 Bc6 30. Rc7 Rd2 31. Rxc6 Rxe2 32. Kf1 Rc2 33. Rxc5 g6 34. h3 Kg7 35. g4 Kf6 36. gxf5 gxf5 37. h4 h5 38. Ke1 Ke6 39. Rc6+ Ke5 40. Rh6 Rxc4 41. Rxh5 Kf4 42. Rh8 Rc1+ 43. Ke2 Rh1 44. h5 Rh2 45. Kf1 Kf3 46. h6 Rh1# 0-1


[Site "https://www.chess.com"]

[Event "Titled Tuesday Blitz January 17 Early 2023"]
[White "Rodrigues, Leonardo De Miranda"]
[Black "Terry, Renato"]
[WhiteFideId "2108658"]
[BlackFideId "3803457"]
[WhiteElo "2112"]
[BlackElo "2520"]
[Result "0-1"]
[Round "02"]
[TimeControl "180+2"]
[Date "2023.01.17"]
[WhiteClock "0:00:10"]
[BlackClock "0:01:23"]

1. e4 e6 2. d4 d5 3. Nd2 Be7 4. Ngf3 Nf6 5. e5 Nfd7 6. Bd3 c5 7. c3 Nc6 8. O-O g5 9. dxc5 Ndxe5 10. Nxe5 Nxe5 11. Nb3 Nxd3 12. Qxd3 f6 13. Re1 e5 14. Qb5+ Qd7 15. a4 O-O 16. Rd1 a6 17. Qxd7 Bxd7 18. Na5 Bc6 19. b4 Rfd8 20. Be3 Kf7 21. b5 axb5 22. axb5 Bxb5 23. Nxb7 Rdb8 24. Nd6+ Bxd6 25. cxd6 Ke6 26. Bc5 Bc4 27. f3 Rc8 28. Bb4 Rcb8 29. Rxa8 Rxa8 30. Rd2 f5 31. Kf2 f4 32. g3 Ra1 33. Kg2 h5 34. gxf4 gxf4 35. Kh3 Rf1 36. Kh4 Rxf3 37. Kxh5 Rh3+ 38. Kg4 Rh7 39. h4 Rg7+ 40. Kf3 Rg3+ 41. Kf2 e4 42. Rd1 e3+ 0-1


[Site "https://www.chess.com"]

[Event "Titled Tuesday Blitz January 17 Early 2023"]
[White "Jobava, Baadur"]
[Black "Vovk, Orest"]
[WhiteFideId "13601520"]
[BlackFideId "14113490"]
[WhiteElo "2578"]
[BlackElo "2315"]
[Result "1-0"]
[Round "02"]
[TimeControl "180+2"]
[Date "2023.01.17"]
[WhiteClock "0:00:35"]
[BlackClock "0:00:05"]

1. d4 h6 2. e4 g5 3. h4 g4 4. Qxg4 d5 5. Qf3 dxe4 6. Qxe4 Nf6 7. Qd3 Nc6 8. Nf3 Bg4 9. c3 Qd5 10. Be2 O-O-O 11. Qb5 Bxf3 12. gxf3 e5 13. Qxd5 Nxd5 14. dxe5 Nxe5 15. Kf1 Bc5 16. Nd2 Nf4 17. Ne4 Nxe2 18. Kxe2 Be7 19. h5 Rhe8 20. Bxh6 f5 21. Ng3 Bc5 22. Nxf5 Ng4+ 23. Be3 Nxf2 24. Kxf2 Rd2+ 25. Kg3 Bxe3 26. Nxe3 Rxe3 27. Rae1 Red3 28. h6 Rd8 29. h7 Rh8 30. Re7 Rd7 31. Re8+ Rxe8 32. h8=Q Rxh8 33. Rxh8+ Rd8 34. Rxd8+ Kxd8 35. Kf4 Ke7 36. Ke5 c6 37. f4 1-0


[Site "https://www.chess.com"]

[Event "Titled Tuesday Blitz January 17 Early 2023"]
[White "Xu, Yi"]
[Black "Cappai, Davide"]
[WhiteFideId "8605564"]
[BlackFideId "813338"]
[WhiteElo "2527"]
[BlackElo "2140"]
[Result "1/2-1/2"]
[Round "02"]
[TimeControl "180+2"]
[Date "2023.01.17"]
[WhiteClock "0:00:03"]
[BlackClock "0:00:23"]

1. e4 c5 2. Nf3 g6 3. c3 Nf6 4. e5 Nd5 5. d4 cxd4 6. cxd4 d6 7. Bc4 Nb6 8. Bb3 d5 9. h3 Nc6 10. O-O Bg7 11. Nc3 O-O 12. Bf4 Bf5 13. Nh4 Be6 14. Bc2 Rc8 15. Nf3 Nb4 16. Bb1 Nc4 17. Qe2 a6 18. a3 Nc6 19. Bd3 b5 20. Rfd1 Qd7 21. Na2 Bf5 22. Nc1 f6 23. Bxf5 Qxf5 24. Nd3 N4a5 25. exf6 exf6 26. Be3 Nb3 27. Rab1 Rfe8 28. Qf1 Bf8 29. Nc5 Bxc5 30. dxc5 d4 31. Nxd4 Ncxd4 32. Bxd4 Nxd4 33. Rxd4 Rxc5 34. Rbd1 Rce5 35. Qd3 Qxd3 36. R4xd3 R5e6 37. R3d2 R8e7 38. Kh2 Kf7 39. Kg3 Rb6 40. f3 b4 41. axb4 Rxb4 42. Kf2 h5 43. Ra1 Rb6 44. Ra3 Reb7 45. Ke2 Rxb2 46. Rxa6 Rxd2+ 47. Kxd2 Rb2+ 48. Ke3 Rxg2 49. h4 Rh2 50. Ra4 g5 51. hxg5 fxg5 52. Ra6 h4 53. Ke4 Rf2 54. Kf5 Rxf3+ 55. Kxg5 h3 56. Rh6 Rg3+ 57. Kf4 Rg6 58. Rxh3 Kg7 59. Rg3 Rxg3 60. Kxg3 1/2-1/2


[Site "https://www.chess.com"]

[Event "Titled Tuesday Blitz January 17 Early 2023"]
[White "Jegorovas, Aleksandras"]
[Black "Remizov, Yaroslav"]
[WhiteFideId "12801950"]
[BlackFideId "34134015"]
[WhiteElo "2270"]
[BlackElo "2421"]
[Result "0-1"]
[Round "02"]
[TimeControl "180+2"]
[Date "2023.01.17"]
[WhiteClock "0:01:01"]
[BlackClock "0:00:37"]

1. Nf3 d5 2. e3 Nf6 3. c4 e6 4. b3 c5 5. Bb2 Nc6 6. cxd5 exd5 7. d4 cxd4 8. Nxd4 Bb4+ 9. Bc3 Bd6 10. Nd2 O-O 11. Be2 Re8 12. O-O a6 13. Rc1 Bd7 14. Bf3 Ne5 15. Bb2 Nd3 16. Rc2 Ne4 17. Bxe4 dxe4 18. Qh5 Be5 19. Ba1 Bf6 20. Qe2 Nb4 21. Rc4 Nxa2 22. Nxe4 Rxe4 23. Qxa2 Bb5 24. Nxb5 axb5 25. Bxf6 Rxa2 26. Bxd8 bxc4 27. bxc4 Rxc4 28. g3 Rca4 29. Kg2 Ra1 0-1


[Site "https://www.chess.com"]